 Dungeon Crawl Stone Soup version 0.30.1-11-g7821555f0a (webtiles) character file.

Game seed: 2701923841354430420

53 lonewolfV2 the Trooper (level 4, 0/38 HPs)
             Began as a Formicid Fighter on Dec 6, 2023.
             Slain by a gnoll
             ... wielding a +0 spear
              (5 damage)
             ... on level 2 of the Dungeon.
             The game lasted 00:01:37 (1040 turns).

lonewolfV2 the Trooper (Formicid Fighter)           Turns: 1040, Time: 00:01:38

Health: 0/38       AC: 11    Str: 20    XL:     4   Next: 11%
Magic:  4/4        EV:  5    Int:  8    God:
Gold:   60         SH:  5    Dex: 15    Spells: 3/3 levels left

rFire   . . .        a - +0 war axe
rCold   + . .        c - +0 buckler
rNeg    . . .        i - +0 plate armour
rPois   .            (helmet unavailable)
rElec   .            (no cloak)
rCorr   .            (no gloves)
SInv    +            (no boots)
Will    .....        (no amulet) Stlth
                     e - ring of protection from cold
HPRegen 0.26/turn    (no ring)
MPRegen 0.09/turn

%: no passive effects
@: mighty
A: permanent stasis, dig shafts and tunnels, antennae 3, four strong arms
a: Dig, Shaft Self


You were on level 2 of the Dungeon.
You visited 1 branch of the dungeon, and saw 3 of its levels.

You collected 60 gold pieces.

Inventory:

Hand Weapons
 a - a +0 war axe (weapon)
Armour
 c - a +0 buckler (worn)
 i - a +0 plate armour (worn)
Jewellery
 e - a ring of protection from cold (left hand)
Scrolls
 g - a scroll of enchant weapon {unknown}
Potions
 h - 3 potions of lignification
 j - 2 potions of heal wounds {unknown}


   Skills:
 + Level 4.3 Fighting
 + Level 3.2 Axes
 - Level 3.2 Armour
 - Level 4.0 Shields


You had 3 spell levels left.
You didn't know any spells.
Your spell library was empty.

Dungeon Overview and Level Annotations

Branches:
Dungeon (3/15)

Altars:


Innate Abilities, Weirdness & Mutations

You cannot be hasted, slowed, berserked, paralysed or teleported.
You can dig through walls and to a lower floor.
You have a pair of large antennae on your head. (SInv)
Your four strong arms can wield two-handed weapons with a shield.


Message History

You see here a bat corpse.
You see here a rat corpse.
j - 2 sedimented orange potions (gained 1)
A gnoll comes into view. It is wielding a +0 spear.
Found a viscous ruby potion.
The gnoll shouts!
A gnoll is nearby!
A gnoll is nearby!
A gnoll is nearby!
A gnoll comes into view. It is wielding a +0 halberd.
The gnoll hits you from afar with a +0 spear.
The gnoll hits you but does no damage.
You hit the gnoll but do no damage. The gnoll hits you with a +0 spear.
You closely miss the gnoll. You block the gnoll's attack. x2
The gnoll barely misses you. The gnoll hits you but does no damage.
You hit the gnoll but do no damage. The gnoll barely misses you.
You block the gnoll's attack. The gnoll hits you with a +0 halberd.
You hit the gnoll.
The gnoll is moderately wounded.
You hit the gnoll. You block the gnoll's attack.
The gnoll hits you with a +0 halberd.
You hit the gnoll.
The gnoll is heavily wounded.
You barely miss the gnoll. The gnoll hits you but does no damage.
The gnoll hits you with a +0 halberd! The gnoll hits you with a +0 spear!
You block the gnoll's attack.
You hit the gnoll.
The gnoll is almost dead.
You barely miss the gnoll. The gnoll hits you with a +0 spear.
* * * LOW HITPOINT WARNING * * *
The gnoll closely misses you.
You feel better. The gnoll completely misses you.
The gnoll hits you with a +0 halberd.
You feel very mighty all of a sudden. You block the gnoll's attack.
The gnoll hits you with a +0 halberd!
* * * LOW HITPOINT WARNING * * *
You closely miss the gnoll.
The gnoll is almost dead.
You closely miss the gnoll. The gnoll hits you with a +0 spear.
You die...

..# #.###........ .##
######............ †##+
##.....####........
...#####..................
♣.#......####+####........
..#####.## #......##......
#.# #.# #...!..# ......
..# #.# #.....g# ......
### #.# #....@.+ ..#... {
#.# #....g.# #..## #.#
#......# ..# #.# ##.#.###
#.#. #.#. { #. #.


You could see 2 gnolls.

Vanquished Creatures
  An adder (D:2)
  2 dart slugs (D:1)
  3 bats
  4 endoplasms (D:1)
  2 giant cockroaches (D:1)
  2 goblins (D:1)
  3 hobgoblins (D:1)
  2 jackals (D:1)
  5 kobolds
  A quokka (D:1)
  5 ball pythons (D:1)
  2 frilled lizards (D:1)
  6 rats
38 creatures vanquished.

Notes
Turn   | Place    | Note
-------+----------+-------------------------------------------
     0 | D:1      | lonewolfV2 the Formicid Fighter began the quest for the
                  | Orb.
     0 | D:1      | Reached XP level 1. HP: 18/18 MP: 1/1
    67 | D:1      | Reached XP level 2. HP: 8/24 MP: 2/2
   389 | D:1      | Reached XP level 3. HP: 29/30 MP: 3/3
   927 | D:2      | Reached XP level 4. HP: 37/37 MP: 4/4
   949 | D:2      | You fall into a shaft and drop 1 floor!
  1040 | D:2      | Slain by a gnoll

Illustrated notes

Levels and vault maps discovered:
D:1:      lightli_arrival_flooded_house, layout_basic
D:2:      layout_basic, grunt_ministairs_4
D:3:      layout_basic, mainiacjoe_overflow_surrounded_room,
          mainiacjoe_overflow_24_doors, mainiacjoe_overflow_brackets

Skill      XL: |  1  2  3 |
---------------+----------+-----
Fighting       | 4 |  4.3
Axes           | 3 |  3.2
Armour         | |  3.2
Shields        | |  4.0

Action                     |  1- 3 |  4- 6 || total
---------------------------+-------+-------++-------
  Melee: War axe           |    89 |    11 ||   100
    Use: Scroll            |     2 |       ||     2
         Potion            |       |     2 ||     2
 Armour: Scale mail        |    55 |       ||    55
         Plate armour      |       |     4 ||     4
  Dodge: Dodged            |    58 |     6 ||    64
  Block: Buckler           |    26 |     8 ||    34
